 Dungeon Crawl Stone Soup version 0.26-a0-651-gb41185065b (webtiles) character file.

Game seed: 16693649245644898930

1957 Mesmaeker13 the Tainter (level 9, 0/68 HPs)
             Began as a Naga Venom Mage on Oct 15, 2020.
             Was a Believer of Cheibriados.
             Slain by a wight
             ... wielding a +4 halberd of freezing
              (3 damage)
             ... on level 7 of the Dungeon.
             The game lasted 00:20:53 (7071 turns).

Mesmaeker13 the Tainter (Naga Venom Mage)           Turns: 7071, Time: 00:20:54

Health: 0/68       AC:  9    Str: 15    XL:     9   Next: 19%
Magic:  12/12      EV: 11    Int: 30    God:    Cheibriados [**....]
Gold:   267        SH:  0    Dex: 27    Spells: 6/12 levels left

rFire    + . .     SeeInvis +   s - +12 war axe of Instinct {distort, Fragile rPois rC- Int+8 Dex+7}
rCold    x . .     Faith    .   (no shield)
rNeg     . . .     Spirit   .   A - +0 ring mail of Impressiveness {rPois rF+ Dex+4} (curse)
rPois    +         Reflect  .   q - +0 helmet
rElec    .         Harm     .   p - +0 cloak
rCorr    .         Rampage  .   m - +1 pair of gloves
MR       +....                  (no barding)
Stlth    ++........             (no amulet)
HPRegen  0.21/turn              b - ring of flight
MPRegen  0.13/turn              (no ring)

@: very slightly contaminated, heavily drained, invisible, very slow
A: large, see invisible, deformed body, poison resistance, slowness 2, spit
poison 1, AC +3
a: Spit Poison, Bend Time, Renounce Religion, Evoke Flight


You were on level 7 of the Dungeon.
You worshipped Cheibriados.
Cheibriados was pleased with you.
You visited 2 branches of the dungeon, and saw 8 of its levels.

You collected 267 gold pieces.

Inventory:

Hand Weapons
 l - a +5 vampiric dagger
 s - the +12 war axe of Instinct (weapon) {distort, Fragile rPois rC- Int+8 Dex+7}
   (You found it on level 5 of the Dungeon)

   It warps and distorts space around it.
   Unwielding it can cause banishment or high damage.
   It affects your intelligence (+8).
   It affects your dexterity (+7).
   It makes you vulnerable to cold.
   It protects you from poison.
   It will be destroyed if unequipped.
 t - a +1 morningstar of protection
 y - a +0 war axe
Missiles
 e - 3 curare-tipped darts (quivered)
 x - 14 poisoned darts
Armour
 m - a +1 pair of gloves (worn)
 p - a +0 cloak (worn)
 q - a +0 helmet (worn)
 A - the cursed +0 ring mail of Impressiveness (worn) {rPois rF+ Dex+4}
   (You found it on level 4 of the Dungeon)

   It affects your dexterity (+4).
   It protects you from fire.
   It protects you from poison.
   It has a curse placed upon it.
Jewellery
 b - a ring of flight (left hand)
Wands
 B - a wand of iceblast (9)
 H - a wand of paralysis (9)
Scrolls
 c - 2 scrolls of fog
 i - a scroll of immolation
 n - a scroll of noise
 r - a scroll of fear
 z - a scroll of enchant weapon
 F - a scroll of teleportation
 G - 2 scrolls of enchant armour {unknown}
Potions
 a - a potion of experience {unknown}
 d - a potion of brilliance {unknown}
 f - 2 potions of ambrosia {unknown}
 g - a potion of invisibility
 h - a potion of curing
 j - a potion of mutation {unknown}
 k - 2 potions of haste {unknown}
 o - 3 potions of lignification {unknown}
 u - a potion of resistance {unknown}
 v - a potion of flight {unknown}
 w - a potion of degeneration {unknown}
 C - 4 potions of might {unknown}
 D - a potion of stabbing {unknown}
 E - a potion of heal wounds {unknown}


   Skills:
 + Level 4.7(3.1) Dodging
 - Level 3.0(1.4) Stealth
 - Level 2.4(0.9) Spellcasting
 + Level 3.6(2.0) Conjurations
 - Level 4.3(2.7) Transmutations
 + Level 5.0(3.3) Air Magic
 + Level 8.2(6.4) Poison Magic
 + Level 3.5(1.9) Invocations


You had 6 spell levels left.
You knew the following spells:

 Your Spells              Type           Power        Failure   Level
a - Sting                 Tmut/Pois      ####         2%          1
b - Poisonous Vapours     Pois/Air       ####..       3%          2
c - Mephitic Cloud        Conj/Pois/Air  ####....     11%         3

Your spell library contained the following spells:

 Spells                   Type           Power        Failure   Level
 Olgreb's Toxic Radiance  Pois           #####...     12%         4
 Ignite Poison            Fire/Tmut/Pois ###.....     16%         3


Dungeon Overview and Level Annotations

Branches:
Dungeon (7/15)             Temple (1/1) D:5

Altars:
Ashenzari
Cheibriados
Dithmenos
Elyvilon
Kikubaaqudgha
Nemelex Xobeh
Ru
Sif Muna
Wu Jian
Xom
The Shining One

Annotations:
D:3 3 runed translucent doors, Nebesus's ghost, amateur DsIE
D:6 2 runed translucent doors, Flugslaktarn's ghost, novice DDFi


Innate Abilities, Weirdness & Mutations

You cannot wear boots.
Your serpentine skin is tough. (AC +3)
You have supernaturally acute eyesight. (SInv)
Armour fits poorly on your strangely shaped body.
Your system is resistant to poisons. (rPois)
You cover ground very slowly.
You can spit poison.


Message History

* * * LOW HITPOINT WARNING * * *
You feel better.
The centaur skeleton closely misses you.
The wight hits you but does no damage.
The centaur skeleton hits you but does no damage.
The wight hits you from afar with a +4 halberd of freezing.
* * * LOW HITPOINT WARNING * * *
The wight freezes you.
* * * LOW HITPOINT WARNING * * *
You fade into invisibility!
The centaur skeleton hits you but does no damage.
The wight barely misses you.
You are very lightly contaminated with residual magic.
Unknown command.
The wight closely misses you.
There is a stone staircase leading up here.
The wight hits you from afar with a +4 halberd of freezing!
* * * LOW HITPOINT WARNING * * *
You feel drained. The wight freezes you.
You die...

. .. # #..
####.#### ..
#.....@z###.##...
#.##$##Zz.).....#
# #.###.##...
...# # ###.# ..#
###


You could see 2 wights and a centaur skeleton (wandering).

Vanquished Creatures
  Grinder (D:3)
  Eustachio (D:6)
  Menkaure (D:6)
  A sky beast (D:5)
  An ogre (D:4)
  A bullfrog (D:6)
  2 killer bees
  7 wights
  A howler monkey (D:5)
  3 hounds
  2 orc priests
  7 orc wizards
  Ijyb (D:3)
  3 iguanas
  Natasha (thrice) (D:3)
  A worker ant (D:4)
  A hound skeleton (D:7)
  9 adders
  4 gnolls (D:3)
  A shadow imp (D:5)
  An ufetubus (D:6)
  An adder skeleton (D:5)
  A worm (D:3)
  3 dart slugs
  3 leopard geckos
  21 orcs
  7 giant cockroaches
  7 hobgoblins
  22 jackals
  A quokka (D:2)
  2 ball pythons
  5 bats
  6 frilled lizards
  10 goblins
  11 kobolds
  2 leopard gecko skeletons (D:5)
  4 rats
158 creatures vanquished.

Notes
Turn   | Place    | Note
-------+----------+-------------------------------------------
     0 | D:1      | Mesmaeker13 the Naga Venom Mage began the quest for the
                  | Orb.
     0 | D:1      | Reached XP level 1. HP: 15/15 MP: 3/3
   197 | D:1      | Reached XP level 2. HP: 18/22 MP: 5/5
   843 | D:1      | Reached XP level 3. HP: 28/28 MP: 3/6
  1660 | D:1      | Learned a level 2 spell: Poisonous Vapours
  1719 | D:2      | Reached XP level 4. HP: 36/36 MP: 5/7
  2528 | D:3      | Reached skill level 1 in Air Magic
  2528 | D:3      | Reached skill level 5 in Poison Magic
  2528 | D:3      | Reached XP level 5. HP: 42/42 MP: 5/8
  2733 | D:3      | Noticed Ijyb
  2736 | D:3      | Paralysed by Ijyb for 6 turns
  2750 | D:3      | Paralysed by Ijyb for 7 turns
  2759 | D:3      | Killed Ijyb
  2759 | D:3      | Reached XP level 6. HP: 43/49 MP: 4/9
  2959 | D:3      | Noticed Natasha
  2968 | D:3      | Killed Natasha
  3018 | D:3      | Found a runed translucent gate.
  3018 | D:3      | Found a runed translucent gate.
  3018 | D:3      | Found a runed translucent gate.
  3039 | D:3      | Noticed Grinder
  3041 | D:3      | Paralysed by Grinder for 5 turns
  3056 | D:3      | Killed Grinder
  3056 | D:3      | Reached skill level 6 in Poison Magic
  3056 | D:3      | Reached XP level 7. HP: 55/55 MP: 10/10
  3346 | D:3      | Found a shimmering blue altar of Sif Muna.
  3471 | D:3      | Noticed Nebesus's ghost (amateur DsIE)
  3595 | D:3      | Noticed Natasha
  3603 | D:3      | Killed Natasha
  3896 | D:3      | Noticed Natasha
  3902 | D:3      | Killed Natasha
  3929 | D:4      | Learned a level 3 spell: Mephitic Cloud
  4365 | D:4      | Reached skill level 1 in Conjurations
  4705 | D:4      | Got a translucent ring mail
  4927 | D:4      | Identified the cursed +0 ring mail of Impressiveness {rPois
                  | rF+ Dex+4} (You found it on level 4 of the Dungeon)
  4952 | D:5      | Entered Level 5 of the Dungeon
  4982 | D:5      | Found a staircase to the Ecumenical Temple.
  5006 | Temple   | Entered the Ecumenical Temple
  5092 | Temple   | Became a worshipper of Cheibriados the Contemplative
  5191 | D:5      | Reached XP level 8. HP: 55/62 MP: 8/11
  5453 | D:5      | Reached skill level 7 in Poison Magic
  5461 | D:5      | Reached skill level 1 in Invocations
  5511 | D:5      | Got an ichor-stained war axe
  5546 | D:5      | Found a white marble altar of Elyvilon.
  5558 | D:5      | Found a shimmering altar of Xom.
  5893 | D:6      | Noticed Menkaure
  5901 | D:6      | Killed Menkaure
  5901 | D:6      | Reached * piety under Cheibriados
  6127 | D:6      | Found a glowing golden altar of the Shining One.
  6177 | D:6      | Found a sparkling altar of Nemelex Xobeh.
  6253 | D:6      | Found a large runed translucent door.
  6254 | D:6      | Found a large runed translucent door.
  6254 | D:6      | Noticed Flugslaktarn's ghost (novice DDFi)
  6273 | D:6      | Found a broken altar of Ashenzari.
  6392 | D:5      | Identified the +12 war axe of Instinct {distort, Fragile
                  | rPois rC- Int+8 Dex+7} (You found it on level 5 of the
                  | Dungeon)
  6562 | D:6      | Noticed Eustachio
  6579 | D:6      | Killed Eustachio
  6579 | D:6      | Reached skill level 8 in Poison Magic
  6579 | D:6      | Reached XP level 9. HP: 49/68 MP: 10/12
  6703 | D:6      | Found a shadowy altar of Dithmenos.
  7064 | D:7      | Reached ** piety under Cheibriados
  7064 | D:7      | Reached skill level 5 in Air Magic
  7071 | D:7      | HP: 3/68 [wight/+4 halberd of freezing (8)]
  7071 | D:7      | Slain by a wight

Illustrated notes

Levels and vault maps discovered:
D:1:      dpeg_arrival_rooms_b, layout_loops_ring, minmay_quantized
D:2:      layout_rooms
D:3:      layout_loops_corners, gammafunk_ghost_icy, led_sif_pool, uniq_natasha,
          uniq_grinder, uniq_ijyb
D:4:      layout_basic, minmay_fountain_box, grunt_ministairs_6
D:5:      layout_basic, grunt_temple_overflow_open,
          minmay_temple_entry_crystal_x
D:6:      layout_loops_ring, nemelex_xobeh_ov_fountains_minmay,
          nicolae_dithmenos_through_a_glass_darkly, evilmike_ruin_ashenzari,
          basic_altar, ebering_ghost_disaster_area, uniq_menkaure,
          uniq_eustachio
D:7:      layout_loops_cross, lightli_temple_of_fire, gup_ossuary_entry_pyramid,
          okawaru_trees_2, uniq_duvessa
Temple:   jpeg_temple_clearing

Skill      XL: |  1  2  3  4  5  6  7  8  9 |
---------------+----------------------------+-----
Dodging        | 2 3 4 |  4.7
Transmutations | 2 3 4 |  4.3
Air Magic      | 1 2 3 4 5 |  5.0
Poison Magic   | 5 6 8 |  8.2
Conjurations   | 1 3 |  3.6
Invocations    | 3 |  3.5
Stealth        | |  3.0
Spellcasting   | |  2.4

Action                   |  1- 3 |  4- 6 |  7- 9 || total
-------------------------+-------+-------+-------++-------
Melee: Unarmed           |     6 |       |       ||     6
       Short sword       |    54 |    37 |       ||    91
       Whip              |     6 |       |       ||     6
       Hand axe          |     2 |       |       ||     2
       Morningstar       |       |     4 |    46 ||    50
       Dagger            |       |    12 |   123 ||   135
       War axe           |       |       |    31 ||    31
Throw: Dart              |       |    12 |    16 ||    28
 Cast: Sting             |    35 |    27 |    35 ||    97
       Poisonous Vapours |       |     4 |     5 ||     9
       Mephitic Cloud    |       |       |     9 ||     9
Invok: Bend Time         |       |       |     1 ||     1
 Abil: Spit Poison       |    12 |    13 |    24 ||    49
Evoke: Wand              |       |     1 |     3 ||     4
  Use: Scroll            |       |     4 |     6 ||    10
       Potion            |       |       |     2 ||     2
 Stab: Sleeping          |       |     3 |     2 ||     5
       Paralysed         |       |     5 |       ||     5
       Confused          |       |       |     5 ||     5
Armor: Robe              |    15 |    27 |    26 ||    68
       Ring mail         |       |       |    79 ||    79
Dodge: Dodged            |    67 |    34 |   164 ||   265

Table legend: (Time is in decaauts)
 A = Elapsed time spent in this place.
 B = Non-inter-level travel time spent in this place.
 C = Inter-level travel time spent in this place.
 D = Time resting spent in this place.
 E = Time spent auto-exploring this place.
 F = Levels seen in this place.
 G = Mean time per level.
                   A        B        C        D        E       F      G
               +--------+--------+--------+--------+--------+-----+--------+
         Total |   9225 |   8823 |    402 |   1552 |   5222 |   8 | 1153.1 |
       Dungeon |   9100 |   8698 |    402 |   1552 |   5139 |   7 | 1300.0 |
        Temple |    125 |    125 |      0 |      0 |     83 |   1 |  125.0 |
               +--------+--------+--------+--------+--------+-----+--------+

Top non-repeatable levels by time:
     D:3: 1967 daAuts
     D:1: 1934 daAuts
     D:6: 1754 daAuts
     D:5: 1331 daAuts
     D:4: 1254 daAuts
     D:2: 818 daAuts
  Temple: 125 daAuts
     D:7: 39 daAuts
